PBL
BALTIMORE ORIOLES @ MONTREAL EXPOS
06/09/2071
 
TOP OF THE 1ST
Baltimore Orioles batting - Pitching for Montreal Expos : RHP Sam Richardson
Pitching: RHP Sam Richardson
Batting: LHB Shinobu Narita 0-0: Called Strike
0-1: Foul Ball, location: 9LSFF
0-2: Ball
1-2: Ball
2-2: Ball
3-2: Ground out 3-1 (Groundball, 34, EV 85.0 MPH)
Batting: LHB Nicholas Bradley 0-0: Foul Ball, location: 5F
0-1: Ball
1-1: Fly out, F8 (Flyball, 8LD, EV 110.0 MPH)
Batting: RHB Manny Rivera 0-0: Ground out 5-3 (Groundball, 56S, EV 80.6 MPH)
Top of the 1st over - 0 runs, 0 hits, 0 errors, 0 left on base; Baltimore 0 - Montreal 0
BOTTOM OF THE 1ST
Montreal Expos batting - Pitching for Baltimore Orioles : RHP Jim Tanner
Pitching: RHP Jim Tanner
Batting: LHB Mike Downs 0-0: Fly out, F8 (Flyball, 8RD, EV 104.4 MPH)
Batting: RHB Robin Lewis 0-0: Ball
1-0: Foul Ball, location: 2F
1-1: Ball
2-1: SINGLE (Groundball, 6D, EV 96.3 MPH)
Batting: LHB Oscar Blackwell 0-0: Called Strike
0-1: Foul Ball, location: 7LDF
0-2: Strikes out swinging
Batting: LHB Don Bullock 0-0: Ball
1-0: Called Strike
1-1: Swinging Strike
1-2: Foul Ball, location: 2F
1-2: Ball
Robin Lewis is caught stealing 2nd base 2-6
Bottom of the 1st over - 0 runs, 1 hit, 0 errors, 0 left on base; Baltimore 0 - Montreal 0
TOP OF THE 2ND
Baltimore Orioles batting - Pitching for Montreal Expos : RHP Sam Richardson
Batting: LHB Phil Bastien 0-0: Ball
1-0: Ball
2-0: Fly out, F4 (Line Drive, 4, EV 70.0 MPH)
Batting: SHB Curt Powell 0-0: Ball
1-0: Foul Ball, location: 7LSF
1-1: Fly out, F5 (Popup, 56, EV 81.9 MPH)
Batting: RHB Jeff Cox 0-0: Ball
1-0: Swinging Strike
1-1: Ball
2-1: Fly out, F8 (Flyball, 8RXD, EV 104.4 MPH)
Top of the 2nd over - 0 runs, 0 hits, 0 errors, 0 left on base; Baltimore 0 - Montreal 0
BOTTOM OF THE 2ND
Montreal Expos batting - Pitching for Baltimore Orioles : RHP Jim Tanner
Batting: LHB Don Bullock 0-0: Foul Ball, location: 5SF
0-1: Called Strike
0-2: Strikes out swinging
Batting: RHB Roy López 0-0: TRIPLE (Flyball, 7LD, EV 97.5 MPH)
Batting: LHB Armando Torres 0-0: Called Strike
0-1: Fly out, F3 (Popup, 23F, EV 93.8 MPH)
Batting: RHB Andrew Martínez 0-0: Foul Ball, location: 2F
0-1: Ball
1-1: Swinging Strike
1-2: Ball
2-2: Strikes out looking
Bottom of the 2nd over - 0 runs, 1 hit, 0 errors, 1 left on base; Baltimore 0 - Montreal 0
TOP OF THE 3RD
Baltimore Orioles batting - Pitching for Montreal Expos : RHP Sam Richardson
Batting: LHB Ken Brown 0-0: Called Strike
0-1: Called Strike
0-2: Strikes out swinging
Batting: RHB Kent Cox 0-0: Foul Ball, location: 23FF
0-1: Foul Ball, location: 2F
0-2: Strikes out looking
Batting: SHB Tom Sheffield 0-0: Swinging Strike
0-1: Foul Ball, location: 2F
0-2: Ground out U3 (Groundball, 34, EV 91.9 MPH)
Top of the 3rd over - 0 runs, 0 hits, 0 errors, 0 left on base; Baltimore 0 - Montreal 0
BOTTOM OF THE 3RD
Montreal Expos batting - Pitching for Baltimore Orioles : RHP Jim Tanner
Batting: RHB Felipe Rivas 0-0: Called Strike
0-1: Called Strike
0-2: Ball
1-2: Strikes out looking
Batting: RHB Tom Laird 0-0: Foul Ball, location: 9LDF
0-1: Swinging Strike
0-2: Ball
1-2: Strikes out swinging
Batting: LHB Mike Downs 0-0: Fly out, F2 (Popup, 2LF, EV 86.9 MPH)
Bottom of the 3rd over - 0 runs, 0 hits, 0 errors, 0 left on base; Baltimore 0 - Montreal 0
TOP OF THE 4TH
Baltimore Orioles batting - Pitching for Montreal Expos : RHP Sam Richardson
Batting: LHB Shinobu Narita 0-0: Ball
1-0: Swinging Strike
1-1: Ball
2-1: SINGLE (Groundball, 6MD, EV 96.3 MPH)
Batting: LHB Nicholas Bradley 0-0: Ball
1-0: Ball
2-0: Fly out, F7 (Flyball, 7S, EV 82.5 MPH)
Batting: RHB Manny Rivera 0-0: Foul Ball, location: 2F
0-1: Swinging Strike
0-2: Grounds into double play, 6-4-3 (Groundball, 6, EV 86.9 MPH)
Top of the 4th over - 0 runs, 1 hit, 0 errors, 0 left on base; Baltimore 0 - Montreal 0
BOTTOM OF THE 4TH
Montreal Expos batting - Pitching for Baltimore Orioles : RHP Jim Tanner
Batting: RHB Robin Lewis 0-0: Ball
1-0: Ground out 6-3 (Groundball, 6, EV 108.8 MPH)
Batting: LHB Oscar Blackwell 0-0: Swinging Strike
0-1: Called Strike
0-2: Foul Ball, location: 5SF
0-2: Strikes out swinging
Batting: LHB Don Bullock 0-0: Ball
1-0: Ball
2-0: Foul Ball, location: 2F
2-1: TRIPLE (Line Drive, 78XD, EV 105.6 MPH)
Batting: RHB Roy López 0-0: Called Strike
0-1: Ground out 5-3 (Groundball, 56, EV 89.4 MPH)
Bottom of the 4th over - 0 runs, 1 hit, 0 errors, 1 left on base; Baltimore 0 - Montreal 0
TOP OF THE 5TH
Baltimore Orioles batting - Pitching for Montreal Expos : RHP Sam Richardson
Batting: LHB Phil Bastien 0-0: Ball
1-0: Called Strike
1-1: Ball
2-1: Swinging Strike
2-2: Foul Ball, location: 7LDF
2-2: SINGLE (Groundball, 23, EV 66.3 MPH) (infield hit)
Batting: SHB Curt Powell 0-0: Called Strike
0-1: Fielders Choice at 2nd, 1-6 (Groundball, 13S, EV 70.6 MPH)
Batting: RHB Jeff Cox 0-0: Called Strike
Curt Powell steals 2nd base
0-1: SINGLE (Flyball, 6D, EV 93.8 MPH)
Curt Powell to third
Batting: LHB Ken Brown 0-0: Called Strike
0-1: Ball
1-1: Swinging Strike
1-2: Strikes out looking
Batting: RHB Kent Cox 0-0: Ball
1-0: Foul Ball, location: 25F
1-1: Ball
2-1: Called Strike
2-2: Foul Ball, location: 2F
2-2: Ball
Wild Pitch!
Curt Powell scores
Jeff Cox to second
3-2: Ground out 6-3 (Groundball, 6S, EV 86.3 MPH)
Top of the 5th over - 1 run, 2 hits, 0 errors, 1 left on base; Baltimore 1 - Montreal 0
BOTTOM OF THE 5TH
Montreal Expos batting - Pitching for Baltimore Orioles : RHP Jim Tanner
Batting: LHB Armando Torres 0-0: Ball
1-0: Ball
2-0: Foul Ball, location: 2F
2-1: Ground out 4-3 (Groundball, 34D, EV 90.0 MPH)
Batting: RHB Andrew Martínez 0-0: Fly out, F9 (Flyball, 9LD, EV 94.4 MPH)
Batting: RHB Felipe Rivas 0-0: Foul Ball, location: 2F
0-1: Ground out 5-3 (Groundball, 56S, EV 70.0 MPH)
Bottom of the 5th over - 0 runs, 0 hits, 0 errors, 0 left on base; Baltimore 1 - Montreal 0
TOP OF THE 6TH
Baltimore Orioles batting - Pitching for Montreal Expos : RHP Sam Richardson
Batting: SHB Tom Sheffield 0-0: Ball
1-0: Ball
2-0: Swinging Strike
2-1: Foul Ball, location: 23FF
2-2: Strikes out looking
Batting: LHB Shinobu Narita 0-0: Ball
1-0: Ground out 4-3 (Groundball, 4M, EV 105.6 MPH)
Batting: LHB Nicholas Bradley 0-0: Ball
1-0: Called Strike
1-1: Ball
2-1: Called Strike
2-2: Ball
3-2: Base on Balls
Batting: RHB Manny Rivera 0-0: Ball
1-0: Ball
2-0: TRIPLE (Line Drive, 78XD, EV 103.1 MPH)
Nicholas Bradley scores
Batting: LHB Phil Bastien 0-0: Ball
1-0: Swinging Strike
1-1: Swinging Strike
1-2: Ball
2-2: Ball
3-2: Ground out 3-1 (Groundball, 34, EV 85.6 MPH)
Top of the 6th over - 1 run, 1 hit, 0 errors, 1 left on base; Baltimore 2 - Montreal 0
BOTTOM OF THE 6TH
Montreal Expos batting - Pitching for Baltimore Orioles : RHP Jim Tanner
Batting: RHB Tom Laird 0-0: Foul Ball, location: 9LSF
0-1: Ball
1-1: Ball
2-1: Swinging Strike
2-2: Ball
3-2: Base on Balls
Batting: LHB Mike Downs 0-0: Called Strike
0-1: DOUBLE (Line Drive, 7LS, EV 105.0 MPH)
Tom Laird to third
Batting: RHB Robin Lewis 0-0: Swinging Strike
0-1: Foul Ball, location: 2F
0-2: Ball
1-2: Ball
2-2: Foul Ball, location: 3DF
2-2: Strikes out swinging
Batting: LHB Oscar Blackwell 0-0: Ball
1-0: Called Strike
1-1: Ball
2-1: Ball
3-1: Foul Ball, location: 9LSF
3-2: Fly out, F7 (Flyball, 7, EV 81.3 MPH)
Runner from 3rd tags up, SCORES, throw by LF
Batting: LHB Don Bullock 0-0: Ball
1-0: Ball
2-0: Foul Ball, location: 25F
2-1: Foul Ball, location: 25F
2-2: Strikes out swinging
Bottom of the 6th over - 1 run, 1 hit, 0 errors, 1 left on base; Baltimore 2 - Montreal 1
TOP OF THE 7TH
Baltimore Orioles batting - Pitching for Montreal Expos : RHP Sam Richardson
Batting: SHB Curt Powell 0-0: Ball
1-0: Ball
2-0: Ball
3-0: Called Strike
3-1: Swinging Strike
3-2: Foul Ball, location: 2F
3-2: Base on Balls
Batting: RHB Jeff Cox 0-0: Ball
Wild Pitch!
Curt Powell to second
1-0: Swinging Strike
1-1: DOUBLE (Line Drive, 78M, EV 91.3 MPH)
Curt Powell scores
Batting: LHB Ken Brown 0-0: Ball
1-0: Ball
2-0: Ball
3-0: Called Strike
3-1: Foul Ball, location: 7LSFF
3-2: SINGLE (Flyball, 78S, EV 87.5 MPH)
Jeff Cox to third
Pitching: RHP Mario Villanueva
Batting: RHB Kent Cox 0-0: Fielders Choice at 2nd, 3-6 (Groundball, 3S, EV 87.5 MPH)
Jeff Cox scores
Batting: SHB Tom Sheffield 0-0: Ball
1-0: Foul Ball, location: 7LSF
1-1: Ball
2-1: Called Strike
2-2: Fly out, F7 (Flyball, 78S, EV 83.1 MPH)
Batting: LHB Shinobu Narita 0-0: Ball
1-0: Swinging Strike
1-1: Foul Ball, location: 2F
1-2: Foul Ball, location: 23F
1-2: SINGLE (Groundball, 6MD, EV 106.9 MPH)
Kent Cox to second
Runner from 2nd tries for 3rd, SAFE, throw by CF made to third
Batting: LHB Nicholas Bradley 0-0: Foul Ball, location: 7LMF
0-1: Called Strike
0-2: Ball
1-2: Fly out, F8 (Line Drive, 8LM, EV 78.1 MPH)
Top of the 7th over - 2 runs, 3 hits, 0 errors, 2 left on base; Baltimore 4 - Montreal 1
BOTTOM OF THE 7TH
Montreal Expos batting - Pitching for Baltimore Orioles : RHP Jim Tanner
Batting: RHB Roy López 0-0: Called Strike
0-1: Ground out 4-3 (Groundball, 4, EV 86.9 MPH)
Batting: LHB Armando Torres 0-0: Foul Ball, location: 3SF
0-1: Ball
1-1: Ball
2-1: Foul Ball, location: 23F
2-2: Ground out 3-1 (Groundball, 34, EV 100.0 MPH)
Batting: RHB Andrew Martínez 0-0: Called Strike
0-1: Foul Ball, location: 2F
0-2: Ball
1-2: Ball
2-2: Ball
3-2: Foul Ball, location: 2F
3-2: Foul Ball, location: 23FF
3-2: Foul Ball, location: 9LMF
3-2: Base on Balls
Batting: RHB Felipe Rivas 0-0: Ball
1-0: Foul Ball, location: 2F
1-1: Called Strike
1-2: Ball
2-2: Foul Ball, location: 3FF
2-2: Ball
3-2: Foul Ball, location: 2F
3-2: Foul Ball, location: 2F
3-2: Strikes out swinging
Bottom of the 7th over - 0 runs, 0 hits, 0 errors, 1 left on base; Baltimore 4 - Montreal 1
TOP OF THE 8TH
Baltimore Orioles batting - Pitching for Montreal Expos : RHP Mario Villanueva
Batting: RHB Manny Rivera 0-0: Foul Ball, location: 5F
0-1: Ground out 6-3 (Groundball, 6, EV 103.1 MPH)
Batting: LHB Phil Bastien 0-0: Ball
1-0: Ball
2-0: Called Strike
2-1: Ball
3-1: Swinging Strike
3-2: Ground out 4-3 (Groundball, 4S, EV 71.3 MPH)
Batting: SHB Curt Powell 0-0: Called Strike
0-1: Ball
1-1: Swinging Strike
1-2: Fly out, F8 (Flyball, 89D, EV 91.9 MPH)
Top of the 8th over - 0 runs, 0 hits, 0 errors, 0 left on base; Baltimore 4 - Montreal 1
BOTTOM OF THE 8TH
Montreal Expos batting - Pitching for Baltimore Orioles : RHP Jim Tanner
Pitching: LHP Matt Burford
Batting: RHB Tom Laird 0-0: Ball
1-0: Ground out 6-3 (Groundball, 6, EV 86.3 MPH)
Batting: LHB Mike Downs 0-0: Foul Ball, location: 2F
0-1: Foul Ball, location: 7LSF
0-2: Ball
1-2: Strikes out swinging
Batting: RHB Robin Lewis 0-0: Called Strike
0-1: Ball
1-1: SINGLE (Line Drive, 8RS, EV 93.8 MPH)
Pinch Hitting: RHB Pedro Bautista 0-0: Foul Ball, location: 3FF
0-1: Ground out 1-3 (Groundball, 13S, EV 66.3 MPH)
Bottom of the 8th over - 0 runs, 1 hit, 0 errors, 1 left on base; Baltimore 4 - Montreal 1
TOP OF THE 9TH
Baltimore Orioles batting - Pitching for Montreal Expos : RHP Mario Villanueva
Now at 1B: Pedro Bautista
Batting: RHB Jeff Cox 0-0: Ball
1-0: Ball
2-0: Ball
3-0: Base on Balls
Pitching: LHP Ernesto Rosa
Pinch Hitting: RHB Calvin Pucetas 0-0: Called Strike
0-1: Called Strike
0-2: Foul Ball, location: 7LDF
0-2: Strikes out looking
Batting: RHB Kent Cox 0-0: Called Strike
0-1: Ball
1-1: Foul Ball, location: 2F
1-2: Strikes out swinging
Batting: SHB Tom Sheffield 0-0: Swinging Strike
0-1: Ball
1-1: Swinging Strike
1-2: Ball
2-2: Strikes out swinging
Top of the 9th over - 0 runs, 0 hits, 0 errors, 1 left on base; Baltimore 4 - Montreal 1
BOTTOM OF THE 9TH
Montreal Expos batting - Pitching for Baltimore Orioles : LHP Matt Burford
Pitching: LHP Ernesto Cruz
Now at 3B: Armando Martínez
Batting: RHB Ed Basset 0-0: Ball
1-0: Foul Ball, location: 9LDF
1-1: Called Strike
1-2: SINGLE (Line Drive, 6D, EV 93.8 MPH)
Batting: RHB Roy López 0-0: Swinging Strike
0-1: Called Strike
0-2: Ball
1-2: Strikes out swinging
Pinch Hitting: RHB Jake Knapp 0-0: Foul Ball, location: 2F
0-1: Swinging Strike
0-2: Foul Ball, location: 2F
0-2: Strikes out looking
Batting: RHB Andrew Martínez 0-0: Called Strike
0-1: Called Strike
0-2: Ground out 1-3 (Groundball, 15S, EV 67.5 MPH)
Bottom of the 9th over - 0 runs, 1 hit, 0 errors, 1 left on base; Baltimore 4 - Montreal 1
Monday, April 22nd , 2024 - OOTP Baseball 24.10 Build 82